 Dungeon Crawl Stone Soup version 0.29.1-15-g9cfb28693d (webtiles) character file.

Game seed: 18348765791214525569

17 Lolow the Firebug (level 2, 0/19 HPs)
             Began as a Human Fire Elementalist on May 16, 2023.
             Slain by a kobold
             ... wielding a +1 short sword of protection
              (3 damage)
             ... on level 1 of the Dungeon.
             The game lasted 00:05:21 (838 turns).

Lolow the Firebug (Human Fire Elementalist)          Turns: 838, Time: 00:05:21

Health: 0/19       AC:  2    Str:  8    XL:     2   Next: 80%
Magic:  2/5        EV: 12    Int: 15    God:
Gold:   36         SH:  0    Dex: 13    Spells: 4/5 levels left

rFire   . . .      SeeInvis .   a - +1 long sword (holy)
rCold   . . .      Faith    .   (no shield)
rNeg    . . .      Spirit   .   f - +0 robe
rPois   .          Reflect  .   (no helmet)
rElec   .          Harm     .   (no cloak)
rCorr   +          Rampage  .   (no gloves)
Will    .....                   (no boots)
Stlth   ++........              (no amulet)
HPRegen 0.06/turn               g - ring of resist corrosion
MPRegen 0.09/turn               (no ring)

@: no status effects
A: no striking features
a: no special abilities


You were on level 1 of the Dungeon.
You visited 1 branch of the dungeon, and saw 1 of its levels.

You collected 36 gold pieces.

Inventory:

Hand Weapons
 a - a +1 long sword of holy wrath (weapon)
 b - a +0 sling
 c - a +0 short sword
Armour
 f - a +0 robe (worn)
Jewellery
 g - a ring of resist corrosion (left hand)
Scrolls
 d - a scroll of magic mapping {unknown}
 i - a scroll of blinking
 k - a scroll of vulnerability {unknown}
 m - a scroll of fear {unknown}
Potions
 e - a potion of ambrosia
 h - a potion of haste {unknown}
 j - a potion of curing {unknown}
 l - a potion of magic


   Skills:
 + Level 2.3 Dodging
 + Level 2.0 Stealth
 - Level 2.2 Spellcasting
 - Level 1.0 Conjurations
 - Level 3.4 Fire Magic


You had 4 spell levels left.
You knew the following spells:

 Your Spells              Type           Power      Damage    Failure   Level
a - Foxfire               Conj/Fire      32%        2x1d5     9%          1

Your spell library contained the following spells:

 Spells                   Type           Power      Damage    Failure   Level
 Scorch                   Fire           24%        2d6       8%          2
 Conjure Flame            Conj/Fire      8%         6-21      26%         3
 Inner Flame              Hex/Fire       6%         N/A       32%         3
 Flame Wave               Conj/Fire      8%         2d5       65%         4


Dungeon Overview and Level Annotations

Branches:
Dungeon (1/15)

Altars:
Trog


Message History

Confirm with . or Enter, or press ? or * to list all spells.
You conjure some foxfire!
Your +1 long sword of holy wrath softly glows with a divine radiance!
a - a +1 long sword of holy wrath (weapon)
The foxfire hits the kobold.
The kobold is moderately wounded.
The foxfire hits the kobold but does no damage.
The kobold is moderately wounded.
An endoplasm comes into view.
The kobold hits you with a +1 short sword of protection.
You closely miss the kobold.
The kobold is moderately wounded.
The kobold hits you with a +1 short sword of protection.
The kobold barely misses you.
The endoplasm quivers.
You hit the kobold but do no damage.
The kobold is moderately wounded.
The kobold hits you with a +1 short sword of protection.
Casting: Foxfire (safe; 9% risk of failure)
Confirm with . or Enter, or press ? or * to list all spells.
You conjure some foxfire!
The kobold hits you but does no damage.
You closely miss the kobold.
The foxfire hits the kobold but does no damage.
The kobold barely misses you. The kobold attacks as you move away!
The kobold closely misses you.
The foxfire hits the kobold but does no damage.
Casting: Foxfire (safe; 9% risk of failure)
Confirm with . or Enter, or press ? or * to list all spells.
You conjure some foxfire!
The kobold hits you with a +1 short sword of protection.
The kobold attacks as you move away!
The kobold hits you with a +1 short sword of protection.
* * * LOW HITPOINT WARNING * * *
The foxfire hits the kobold.
The kobold is moderately wounded.
Casting: Foxfire (safe; 9% risk of failure)
Confirm with . or Enter, or press ? or * to list all spells.
You conjure some foxfire!
The kobold hits you with a +1 short sword of protection.
You die...

... #.....#####... #.#
#.....# #†.. #.# #######
#... ###.# #... ....
##... ###.### #....
#...v.# #.... #.#K#v#
#####.... #§@.#
#........
#~v.#####.#.#######
#~~.......#.# #....
#8~.#######.# #.###
#~~.#######.###....
#~.................
####..######.#########
#............# #####
#...########.#.#####....


You could see a kobold (ally target).

Vanquished Creatures
  2 ball pythons (D:1)
  2 bats (D:1)
  An endoplasm (D:1)
  A goblin (D:1)
  2 hobgoblins (D:1)
  2 frilled lizards (D:1)
  5 kobolds (D:1)
  A rat (D:1)
16 creatures vanquished.

Vanquished Creatures (others)
  27 foxfires (D:1)
27 creatures vanquished.

Grand Total: 43 creatures vanquished

Notes
Turn   | Place    | Note
-------+----------+-------------------------------------------
     0 | D:1      | Lolow the Human Fire Elementalist began the quest for the
                  | Orb.
     0 | D:1      | Reached XP level 1. HP: 13/13 MP: 3/3
   129 | D:1      | Reached XP level 2. HP: 19/19 MP: 0/5
   513 | D:1      | Found a faded altar of an unknown god.
   527 | D:1      | Prayed at the altar of an unknown god.
   527 | D:1      | Became a worshipper of Trog the Wrathful
   527 | D:1      | Reached * piety under Trog
   582 | D:1      | Was placed under penance by Trog
   593 | D:1      | Fell from the grace of Trog
   838 | D:1      | Slain by a kobold

Illustrated notes

Levels and vault maps discovered:
D:1:      heliophobic_arrival_battle_scene, layout_basic,
          chequers_ecumenical_altar_simple_redux, minmay_curled_crystal,
          moated_statue, chequers_jeans, minivault_23, patterned_corridor

Action                   || total
-------------------------++-------
Melee: Unarmed           ||     2
       Long sword        ||    18
 Fire: Sling             ||     3
 Cast: Foxfire           ||    20
Invok: Renounce Religion ||     1
  Use: Scroll            ||     3
Armor: Robe              ||    14
Dodge: Dodged            ||    21
